 Dungeon Crawl Stone Soup version 0.30-a0-325-gb515db48ae (webtiles) character file.

Game seed: 3931963866995857763

41 Harunobu the Trooper (level 3, -6/24 HPs)
             Began as a Gargoyle Monk on Oct 28, 2022.
             Killed by divine providence
             ... invoked by an orc priest
              (9 damage)
             ... on level 3 of the Dungeon.
             The game lasted 00:02:57 (1666 turns).

Harunobu the Trooper (Gargoyle Monk)                Turns: 1666, Time: 00:02:57

Health: -6/24      AC:  5    Str: 16    XL:     3   Next: 52%
Magic:  3/3        EV: 12    Int: 10    God:
Gold:   184        SH:  0    Dex: 12    Spells: 2/2 levels left

rFire   . . .      SeeInvis +    e - +1 dagger (vamp)
rCold   . . .      Faith    .    (no shield)
rNeg    + . .      Spirit   .    b - +0 robe
rPois   ∞          Reflect  .    (no helmet)
rElec   +          Harm     .    (no cloak)
rCorr   .          Rampage  .    (no gloves)
Will    .....                    (no boots)
Stlth   ++........               (no amulet)
HPRegen 0.24/turn                n - ring of see invisible
MPRegen 0.08/turn                (no ring)

@: no status effects
A: sickness immunity, AC +3, negative energy resistance 1, electricity
resistance, torment resistance 1, petrification resistance
a: no special abilities


You were on level 3 of the Dungeon.
You visited 1 branch of the dungeon, and saw 3 of its levels.

You collected 184 gold pieces.

Inventory:

Hand Weapons
 a - a +0 mace
 d - a +1 dagger of distortion
 e - a +1 vampiric dagger (weapon)
Armour
 b - a +0 robe (worn)
Jewellery
 n - a ring of see invisible (left hand)
Scrolls
 f - a scroll of teleportation {unknown}
 h - a scroll of summoning {unknown}
 j - a scroll of vulnerability {unknown}
 k - a scroll of identify {unknown}
Potions
 c - a potion of ambrosia
 g - a potion of might {unknown}
 i - a potion of resistance {unknown}
 l - 2 potions of heal wounds {unknown}
 m - a potion of berserk rage {unknown}
 o - a potion of attraction {unknown}


   Skills:
 + Level 3.9 Fighting
 - Level 3.0 Maces & Flails
 + Level 2.9 Dodging
 + Level 3.1 Stealth


You had 2 spell levels left.
You didn't know any spells.
Your spell library contained the following spells:

 Spells                   Type           Power      Damage    Failure   Level
 Apportation              Tloc           0%         N/A       36%         1
 Alistair's Intoxication  Tmut/Pois      0%         N/A       100%        5


Dungeon Overview and Level Annotations

Branches:
Dungeon (3/15)

Altars:


Innate Abilities, Weirdness & Mutations

You are immune to sickness and miasma.
Your stone body is resilient. (AC +3)
You are immune to poison.
You resist negative energy. (rN+)
You are resistant to electric shocks. (rElec)
You are resistant to unholy torment.
You are immune to petrification.


Message History

You hit the hobgoblin.
You feel better.
You kill the hobgoblin!
o - a sapphire potion You start resting.
HP restored.
You now have 184 gold pieces (gained 15).
You see here a +0 war axe.
A rat comes into view.
The helpless rat fails to defend itself.
You puncture the rat!
You kill the rat!
You see here a rat corpse.
Found an escape hatch in the ceiling.
An orc wizard and 2 orc priests come into view.
An orc priest is wielding a +2 short sword of speed.
Found a stone staircase leading up.
The orc wizard shouts!
You hear a shout!
The orc wizard barely misses you.
The orc priest shouts! x2
You hit the orc wizard.
The orc wizard is lightly wounded.
An orc comes into view. It is wielding a +0 flail.
You barely miss the orc wizard.
The orc wizard is lightly wounded.
The orc priest invokes the aid of Beogh against you.
Beogh smites you!
The orc wizard hits you with a +0 dagger.
You hit the orc wizard but do no damage.
The orc wizard is lightly wounded.
The orc priest calls down the wrath of Beogh upon you.
Beogh smites you!
* * * LOW HITPOINT WARNING * * *
You closely miss the orc wizard.
The orc wizard is lightly wounded.
The orc wizard closely misses you.
The orc priest calls upon Beogh to heal the orc wizard.
The orc wizard's wounds heal themselves!
The orc priest calls down the wrath of Beogh upon you.
Beogh smites you!
You die...

#..#.##..#.##. .##.
#.##. #.# #..##†#..##.
. . #. . #.#
###....##....## ## ##
#.# ##..♣♣.#..♣♣.# ♣
#.# #.#.♣♣..#.♣♣.. .♣♣
..# ###....##....##..
#..#.##..#.##..# ## #
...##.#..##.#..##.#..#
.##....##....##.@..#
##..♣♣.#..♣♣.#o.♣♣.#
#.#.♣♣..#.♣♣.o#.♣ .#
###....##...o##o.. #
...#.##..#.##..#.##
#..##.#..##. o.##.
#######..# ##.#o..#
..# ...<.# ..# ## #.#


You could see 2 orc priests, an orc wizard and an orc.

Vanquished Creatures
  A worm (D:2)
  2 dart slugs
  An orc (D:3)
  5 endoplasms (D:1)
  2 hobgoblins
  A quokka (D:1)
  3 ball pythons (D:1)
  2 bats (D:1)
  5 frilled lizards
  6 goblins
  2 kobolds (D:1)
  2 rats
32 creatures vanquished.

Notes
Turn   | Place    | Note
-------+----------+-------------------------------------------
     0 | D:1      | Harunobu the Gargoyle Monk began the quest for the Orb.
     0 | D:1      | Reached XP level 1. HP: 14/14 MP: 1/1
   467 | D:1      | Reached XP level 2. HP: 19/19 MP: 2/2
   481 | D:1      | Found a faded altar of an unknown god.
   966 | D:2      | Reached XP level 3. HP: 24/24 MP: 3/3
   969 | D:2      | Found the +13 scythe of Curses {drain, Drain}
  1660 | D:3      | HP: 1/24 [orc priest/divine providence (10)]
  1666 | D:3      | Killed from afar by an orc priest

Illustrated notes

Levels and vault maps discovered:
D:1:      elethiomel_arrival_quiet, layout_loops_ring,
          hellmonk_ecumenical_altar_pennies_from_heaven
D:2:      layout_loops_ring
D:3:      minmay_goblin_kobold_castle, layout_loops_ring,
          nicolae_yredelemnul_corpse_copse, nicolae_eternal_life

Skill      XL: |  1  2  3 |
---------------+----------+-----
Stealth        | 3 |  3.1
Fighting       | |  3.9
Maces & Flails | |  3.0
Dodging        | |  2.9

Action                   || total
-------------------------++-------
Melee: Mace              ||     9
       Dagger            ||   120
       Punch             ||     2
 Stab: Sleeping          ||     5
Armor: Robe              ||    44
Dodge: Dodged            ||   106

Table legend: (Time is in decaauts)
 A = Elapsed time spent in this place.
 B = Non-inter-level travel time spent in this place.
 C = Inter-level travel time spent in this place.
 D = Time resting spent in this place.
 E = Time spent auto-exploring this place.
 F = Levels seen in this place.
 G = Mean time per level.
                   A        B        C        D        E       F      G
               +--------+--------+--------+--------+--------+-----+--------+
         Total |   1668 |   1639 |     29 |    139 |   1108 |   3 |  556.0 |
       Dungeon |   1668 |   1639 |     29 |    139 |   1108 |   3 |  556.0 |
               +--------+--------+--------+--------+--------+-----+--------+

Top non-repeatable levels by time:
     D:1: 893 daAuts
     D:2: 544 daAuts
     D:3: 230 daAuts
